Map: Lightshade LE

Players

Trap

  • Race: Protoss Protoss

Reynor - Winner!

  • Race: Zerg Zerg

Event: TSL 7

VOD

Have the link to the VOD?

Description

Time

  • Played on: June 27, 2021, 2:20 p.m.
  • Length: 20:19

All games in this series

Show
View Real Time Build Order
Export as new Build Order

Trap Protoss 

Build Orders: 1 Gate Expand, Oracle Opening, Zealot Archon 

Get SALT Encoding   

  12  0:00  Probe  
  13  0:13  Pylon  
  13  0:17  Probe (Chrono Boost)  
  14  0:27  Probe (Chrono Boost)  
  15  0:32  Probe (Chrono Boost)  
  16  0:42  Gateway  
  16  0:44  Probe  
  17  0:50  Assimilator  
  17  0:56  Probe  
  18  1:08  Probe  
  19  1:20  Probe  
  19  1:24  Nexus  
  20  1:34  Cybernetics Core  
  20  1:37  Probe  
  21  1:45  Assimilator  
  21  1:49  Probe  
  21  1:53  Pylon  
  22  2:01  Probe  
  23  2:08  Adept (Chrono Boost)  
  23  2:09  Probe  
  23  2:11  Warp Gate  
  26  2:17  Probe  
  27  2:28  Stargate  
  27  2:29  Probe (Chrono Boost)  
  28  2:32  Adept  
  30  2:37  Probe (Chrono Boost)  
  32  2:46  Probe x2 (Chrono Boost)  
  33  2:52  Probe  
  33  2:57  Probe  
  35  3:02  Void Ray (Chrono Boost), Adept  
  35  3:04  Probe  
  41  3:16  Probe x2  
  41  3:17  Pylon  
  43  3:23  Gateway  
  43  3:28  Probe x2  
  45  3:35  Oracle (Chrono Boost)  
  45  3:40  Probe  
  45  3:41  Probe  
  50  3:51  Pylon  
  50  3:54  Probe x2  
  52  4:02  Nexus  
  52  4:09  Probe x2  
  52  4:13  Assimilator x2  
  52  4:15  Stargate  
  50  4:18  Shield Battery  
  50  4:21  Zealot  
  50  4:22  Probe  
  53  4:25  Probe, Void Ray (Chrono Boost)  
  58  4:37  Probe x2  
  60  4:41  Pylon  
  60  4:44  Forge  
  60  4:49  Zealot  
  60  4:51  Void Ray (Chrono Boost)  
  62  4:56  Pylon  
  62  4:59  Probe  
  67  5:08  Probe (Chrono Boost)  
  67  5:10  Void Ray (Chrono Boost)  
  67  5:12  Pylon  
  73  5:15  Probe (Chrono Boost)  
  73  5:16  Probe (Chrono Boost)  
  73  5:18  Protoss Ground Weapons Level 1 (Chrono Boost)  
  75  5:21  Twilight Council  
  75  5:23  Probe (Chrono Boost)  
  75  5:26  Probe (Chrono Boost)  
  77  5:28  Probe x2 (Chrono Boost)  
  77  5:30  Probe (Chrono Boost)  
  79  5:37  Probe  
  79  5:39  Probe  
  79  5:42  Probe  
  82  5:49  Probe  
  83  5:50  Gateway  
  83  5:54  Probe x2, Gateway  
  85  5:57  Pylon  
  85  5:58  Assimilator x2  
  85  6:01  Probe, Charge (Chrono Boost)  
  85  6:03  Templar Archives  
  86  6:07  Probe x2  
  88  6:14  Probe  
  88  6:17  Gateway  
  89  6:19  Gateway  
  89  6:21  Probe x2  
  91  6:26  Probe, Gateway  
  91  6:27  Gateway  
  91  6:28  Gateway  
  92  6:37  Shield Battery  
  92  6:39  Shield Battery  
  92  6:41  Photon Cannon, High Templar  
  92  6:42  High Templar  
  92  6:45  Photon Cannon x2  
  96  6:48  High Templar  
  96  6:50  High Templar  
  96  6:53  Shield Battery  
  100  6:54  Pylon  
  100  6:56  Archon x2  
  100  7:02  Robotics Facility  
  100  7:12  Pylon  
  100  7:13  Probe x3, Pylon  
  100  7:15  Pylon  
  103  7:28  High Templar x4  
  103  7:29  Zealot x3  
  117  7:33  Photon Cannon  
  117  7:34  Photon Cannon, Archon  
  117  7:35  Archon  
  117  7:36  Photon Cannon  
  117  7:38  Protoss Ground Weapons Level 2 (Chrono Boost), Pylon  
  117  7:42  Pylon  
  117  7:50  Zealot  
  117  7:51  Zealot x4  
  123  7:53  Warp Prism (Chrono Boost)  
  129  8:03  Robotics Bay  
  127  8:10  Phoenix x2 (Chrono Boost)  
  127  8:21  Stalker x4  
  127  8:26  Phoenix x2  
  128  8:31  Probe x3  
  128  8:33  Stalker x3  
  128  8:34  Stalker  
  134  8:50  Disruptor (Chrono Boost)  
  134  8:56  Robotics Facility  
  134  9:07  Nexus  
  134  9:08  Pylon, Sentry x3  
  140  9:11  Pylon  
  140  9:16  Photon Cannon, Pylon  
  140  9:19  Observer (Chrono Boost)  
  141  9:27  Blink  
  141  9:30  Zealot  
  143  9:32  Disruptor (Chrono Boost)  
  143  9:36  Probe x3  
  149  9:40  Zealot  
  149  9:41  Photon Cannon  
  149  9:44  Photon Cannon  
  147  9:47  Photon Cannon  
  147  9:51  Disruptor (Chrono Boost)  
  147  9:56  Protoss Ground Weapons Level 3 (Chrono Boost)  
  147  9:57  Disruptor (Chrono Boost)  
  151  10:08  Assimilator  
  151  10:09  Probe x3  
  151  10:11  Assimilator  
  154  10:20  Zealot x6  
  154  10:21  Zealot  
  171  10:29  Observer (Chrono Boost)  
  171  10:33  Disruptor (Chrono Boost)  
  172  10:47  Fleet Beacon, Stalker x4  
  172  10:48  Stalker  
  175  11:02  Stalker x4  
  181  11:12  Disruptor x2 (Chrono Boost)  
  185  11:25  Pylon  
  185  11:27  Mothership (Chrono Boost)  
  185  11:28  Pylon  
  193  11:42  Psionic Storm  
  178  11:57  Zealot x8  
  178  11:58  Zealot  
  192  12:03  Photon Cannon  
  192  12:11  Disruptor x2 (Chrono Boost)  
  181  12:19  High Templar, Sentry x2  
  181  12:20  High Templar x2  
  189  12:30  Zealot x4  
  189  12:34  Protoss Shields Level 1 (Chrono Boost)  
  175  12:52  High Templar x3  
  175  12:53  High Templar, Zealot x5  
  175  12:57  Pylon  
  175  12:58  Archon  
  185  13:09  Nexus  
  185  13:12  Archon  
  183  13:19  Zealot x4  
  191  13:20  Zealot  
  193  13:28  Photon Cannon  
  193  13:29  Photon Cannon  
  193  13:31  Protoss Air Weapons Level 1 (Chrono Boost)  
  193  13:34  High Templar x3  
  184  13:57  Carrier (Chrono Boost)  
  188  14:07  Carrier (Chrono Boost), Stargate  
  188  14:09  Disruptor (Chrono Boost)  
  172  14:13  Disruptor (Chrono Boost)  
  133  14:21  Zealot x7  
  133  14:22  Zealot x2  
  145  14:42  Disruptor (Chrono Boost)  
  146  14:48  Carrier  
  146  14:49  Disruptor (Chrono Boost)  
  149  14:59  High Templar x4  
  151  15:00  Zealot x4  
  159  15:08  Observer (Chrono Boost)  
  152  15:19  Archon x2  
  139  15:26  Zealot x5  
  142  15:34  Zealot x3  
  142  15:35  Zealot  
  128  15:38  Observer (Chrono Boost)  
  128  15:39  Observer (Chrono Boost)  
  116  15:50  Probe  
  116  15:51  Probe x3  
  116  15:52  Disruptor (Chrono Boost)  
  121  15:59  High Templar x2  
  121  16:00  High Templar  
  121  16:03  Probe  
  128  16:04  High Templar x2  
  128  16:09  Observer (Chrono Boost)  
  133  16:14  Assimilator  
  133  16:17  Assimilator  
  133  16:21  Immortal (Chrono Boost)  
  137  16:28  Immortal (Chrono Boost)  
  134  16:50  Zealot  
  134  16:51  Zealot x4  
  148  16:58  Assimilator  
  148  17:00  Disruptor (Chrono Boost)  
  146  17:01  Disruptor (Chrono Boost)  
  148  17:15  High Templar x2  
  150  17:16  Zealot x6  
  150  17:20  Archon  
  163  17:31  Observer  
  135  17:57  High Templar x3  
  135  17:58  High Templar, Zealot x2  
  133  18:06  Archon  
  133  18:07  Archon, Disruptor (Chrono Boost)  
  133  18:11  Gateway  
  133  18:12  Gateway  
  130  18:16  Gateway  
  118  18:30  Cybernetics Core  
  118  18:33  Observer (Chrono Boost)  
  119  18:34  Archon  
  119  18:42  High Templar x2, Zealot  
  119  18:43  Zealot x3  
  119  18:48  Nexus  
  131  18:54  Probe x3  
  132  18:59  Disruptor (Chrono Boost)  
  130  19:06  Probe  
  107  19:19  Archon  
  73  19:40  Disruptor (Chrono Boost)  
  72  19:54  Zealot x3  
  72  19:55  Zealot x3  
Show
View Real Time Build Order
Export as new Build Order

Reynor Zerg - Winner!

Build Orders: Hatch First, Lurkers 

Get SALT Encoding   

  12  0:00  Drone  
  13  0:12  Overlord  
  13  0:16  Drone  
  14  0:30  Drone  
  14  0:31  Drone  
  16  0:49  Hatchery  
  15  0:52  Drone  
  15  0:55  Drone  
  17  0:59  Drone  
  18  1:10  Extractor  
  17  1:14  Spawning Pool  
  17  1:17  Drone  
  17  1:20  Drone  
  18  1:28  Drone  
  19  1:38  Drone  
  20  1:51  Overlord  
  20  1:59  Drone  
  21  2:01  Queen  
  21  2:02  Drone, Queen  
  26  2:10  Zergling x2  
  26  2:13  Zergling x2  
  28  2:16  Metabolic Boost  
  28  2:22  Drone  
  29  2:23  Drone  
  30  2:38  Hatchery  
  29  2:44  Queen  
  29  2:48  Zergling x2  
  32  2:51  Overlord  
  32  2:54  Drone  
  32  2:55  Drone  
  33  2:59  Overlord  
  33  3:02  Drone  
  33  3:05  Drone  
  34  3:09  Drone  
  34  3:12  Drone x2  
  37  3:13  Drone  
  37  3:17  Drone  
  38  3:22  Queen  
  38  3:24  Drone  
  41  3:28  Overlord  
  41  3:30  Drone  
  42  3:35  Queen  
  42  3:41  Drone, Overlord  
  45  3:50  Drone x2  
  45  3:53  Queen  
  45  3:54  Zergling x6  
  52  4:00  Drone x3  
  54  4:03  Drone  
  54  4:08  Overlord  
  54  4:13  Drone  
  54  4:14  Drone  
  54  4:16  Spore Crawler  
  55  4:18  Drone  
  55  4:19  Drone  
  55  4:22  Drone  
  58  4:28  Queen  
  58  4:30  Drone x2  
  58  4:34  Drone  
  58  4:35  Drone  
  58  4:37  Drone  
  61  4:44  Drone x2, Roach Warren  
  62  4:46  Drone  
  62  4:51  Zergling x4  
  62  4:52  Drone x2  
  67  4:54  Overlord  
  67  4:56  Extractor  
  67  4:57  Drone  
  67  4:58  Drone  
  67  4:59  Drone  
  69  5:05  Drone  
  69  5:06  Lair  
  70  5:09  Overlord  
  70  5:10  Drone x2  
  70  5:12  Drone  
  73  5:18  Overlord  
  73  5:21  Queen  
  73  5:22  Queen  
  73  5:23  Drone  
  73  5:24  Drone  
  73  5:28  Overlord  
  78  5:31  Drone x3  
  78  5:32  Drone  
  78  5:33  Drone  
  78  5:34  Drone  
  84  5:35  Drone  
  84  5:37  Drone  
  84  5:40  Extractor, Overlord  
  84  5:41  Extractor  
  84  5:43  Drone x2  
  84  5:47  Overlord  
  84  5:49  Drone  
  89  5:50  Drone x2  
  89  5:51  Evolution Chamber  
  89  5:52  Drone  
  89  5:53  Drone  
  89  5:54  Extractor x2  
  89  5:55  Overlord  
  89  5:56  Drone  
  89  6:00  Queen  
  89  6:02  Overlord  
  89  6:03  Drone  
  92  6:10  Overlord  
  92  6:16  Spire  
  92  6:17  Drone x2  
  92  6:18  Spore Crawler  
  91  6:19  Zerg Missile Weapons Level 1  
  91  6:26  Queen  
  91  6:32  Hatchery  
  92  6:36  Queen  
  92  6:37  Overlord  
  94  6:47  Drone x7  
  97  6:49  Overlord  
  97  6:52  Queen  
  103  6:59  Overlord  
  103  7:05  Glial Reconstitution  
  103  7:10  Overlord  
  103  7:19  Roach x5  
  103  7:20  Roach x4  
  103  7:21  Roach x2  
  125  7:23  Overlord  
  125  7:28  Mutalisk x6  
  137  7:31  Mutalisk  
  137  7:35  Mutalisk x2  
  143  7:42  Roach  
  145  7:49  Roach x5  
  155  7:52  Drone x2  
  155  7:57  Infestation Pit  
  156  8:03  Overlord  
  152  8:06  Roach x8  
  162  8:15  Roach x3  
  162  8:16  Queen  
  162  8:18  Queen  
  167  8:25  Drone x6  
  167  8:26  Zerg Missile Weapons Level 2  
  164  8:31  Drone x3  
  164  8:33  Drone  
  158  8:43  Drone x4  
  158  8:45  Extractor x2, Drone x2  
  158  8:46  Overlord  
  156  8:50  Drone x2  
  156  8:51  Drone  
  153  8:56  Drone x3, Hive  
  153  8:57  Drone  
  153  8:58  Hydralisk Den  
  156  9:12  Zergling x10  
  156  9:14  Hatchery  
  160  9:18  Overlord  
  160  9:26  Hydralisk x5  
  160  9:27  Hydralisk x2  
  160  9:31  Lurker Den, Overlord  
  174  9:32  Hydralisk x2  
  174  9:33  Hydralisk  
  174  9:34  Muscular Augments  
  179  9:45  Lurker Den  
  179  9:46  Hydralisk x5  
  189  9:53  Spore Crawler x2  
  189  9:56  Overlord  
  187  10:11  Viper x2  
  187  10:12  Viper x2  
  199  10:14  Drone x2  
  195  10:43  Extractor x2  
  195  10:46  Hydralisk x3, Grooved Spines  
  195  10:47  Zergling x10  
  195  10:49  Overlord  
  197  11:03  Hydralisk x3  
  200  11:05  Overlord  
  197  11:17  Seismic Spines  
  190  11:19  Lurker x7  
  190  11:20  Lurker x2  
  191  11:28  Hydralisk x3  
  191  11:29  Hydralisk x2  
  180  11:54  Zergling x42  
  180  11:55  Zergling x2  
  180  12:01  Overseer  
  200  12:07  Pneumatized Carapace  
  200  12:14  Adaptive Talons  
  178  12:17  Lurker x5  
  178  12:18  Hydralisk x8  
  199  12:24  Drone x2  
  199  12:28  Drone  
  199  12:29  Drone x4  
  198  12:31  Roach x3  
  173  12:51  Drone x6  
  173  12:52  Drone x3, Queen  
  173  12:56  Zerg Missile Weapons Level 3  
  173  12:57  Lurker  
  173  12:58  Lurker x2, Roach  
  188  13:01  Overlord  
  196  13:08  Drone x3  
  196  13:09  Drone x2  
  196  13:12  Drone x3, Spine Crawler, Spore Crawler  
  200  13:18  Hydralisk x3, Lurker x4  
  200  13:20  Overseer  
  200  13:43  Overseer  
  192  13:58  Roach x3  
  192  14:05  Hydralisk x5  
  192  14:06  Hydralisk  
  186  14:11  Overseer  
  186  14:13  Hydralisk  
  186  14:14  Hydralisk x9  
  186  14:17  Hydralisk  
  197  14:21  Hydralisk x2  
  197  14:23  Overlord  
  195  14:27  Overseer x3  
  195  14:28  Overseer x2  
  195  14:30  Hydralisk x4  
  200  14:36  Extractor  
  199  14:52  Hydralisk x2  
  191  15:04  Hydralisk x3  
  191  15:05  Hydralisk x2  
  190  15:14  Hydralisk x5  
  190  15:18  Hydralisk x5  
  187  15:29  Hydralisk x4  
  187  15:33  Hydralisk x2  
  183  15:38  Hydralisk x2  
  183  15:41  Overlord  
  174  15:43  Overlord  
  174  15:47  Hydralisk x2  
  171  15:51  Lurker x3  
  171  15:52  Hydralisk  
  171  15:53  Overseer x2  
  168  16:02  Hatchery, Lurker x4  
  168  16:04  Hydralisk x2  
  168  16:05  Hydralisk x2  
  168  16:07  Zergling x2  
  168  16:08  Hydralisk  
  168  16:09  Queen  
  181  16:12  Spore Crawler  
  181  16:13  Overseer, Spore Crawler  
  181  16:14  Hydralisk x2  
  181  16:17  Overlord  
  183  16:19  Roach x3  
  183  16:21  Roach  
  183  16:22  Zergling x2  
  183  16:23  Hatchery, Overlord  
  191  16:30  Overseer  
  189  16:48  Zerg Ground Armor Level 1  
  189  16:50  Roach x5  
  189  16:51  Overseer  
  189  16:52  Overlord  
  199  17:01  Overseer  
  195  17:14  Hydralisk x3  
  195  17:24  Hydralisk x3  
  199  17:35  Hydralisk x2  
  199  17:37  Overlord  
  199  17:40  Overlord  
  197  17:45  Overlord  
  197  17:46  Overlord x7  
  197  17:49  Overseer x2  
  176  17:58  Overlord  
  153  18:06  Hydralisk  
  153  18:07  Hydralisk x13  
  177  18:20  Hydralisk  
  177  18:21  Hydralisk x3  
  177  18:26  Drone x2  
  177  18:27  Drone  
  185  18:33  Lurker x3  
  188  18:35  Hydralisk  
  188  18:40  Hydralisk  
  192  18:48  Hydralisk x2, Lurker x2  
  198  19:02  Hydralisk x3  
  200  19:16  Hydralisk x7  
  171  19:22  Hydralisk x2  
  144  19:25  Hydralisk  
  144  19:28  Hydralisk  
  140  19:31  Hydralisk  
  140  19:37  Viper x2  
  148  19:42  Viper  
  151  19:52  Hydralisk x4  
Tags
 
Add a new tag
Caveats
  • Supply blocks, unpowered buildings, or Contaminate may cause inaccurate times.
  • Supply counts are checked every 10 seconds.